AoeStats
← Living death

Arabia

503788600Analyzed
1v1 RM · 29d ago on Sep 2, 2026· 22m 21s· 2 players
Game mode
Random Map
Map size
Tiny (2 player)
Population
200
Speed
Normal
Resources
Standard
Victory
Conquest
Starting age
Dark Age
Ending age
Imperial Age
RankedLock teamsTeams togetherTeam positionsShared explorationLock speedFull tech treeHidden civsTurbo modeCheats
Victory
Defeat
🇦🇺 Celts · Australia
389
+13
🇦🇺 Magyars · Australia
319
-13
Living death
11:09 Feudal Age
18:34 Castle Age
warwick
10:21 Feudal Age
11:19 Double-Bit Axe
11:28 Horse Collar
13:19 Loom
15:28 Man-at-Arms
15:56 Arson
Connection lost

Rejoining the realm…

Still unreachable

The connection could not be restored.

Session expired

The server has moved on; the page needs a fresh start.